 Dungeon Crawl Stone Soup version 0.28-a0-1389-gc726bef33b (webtiles) character file.

Game seed: 13680641981219948258

2130 rogsnak the Conjurer (level 9, -19/59 HPs)
             Began as a Demonspawn Air Elementalist on Jan 3, 2022.
             Was a Follower of Sif Muna.
             Demolished by a boulder beetle (22 damage)
             ... on level 8 of the Dungeon.
             The game lasted 00:18:55 (9832 turns).

rogsnak the Conjurer (Demonspawn Air Elementalist)  Turns: 9832, Time: 00:18:56

Health: -19/59     AC:  9    Str:  9    XL:     9   Next: 8%
Magic:  18/18      EV: 12    Int: 27    God:    Sif Muna [*.....]
Gold:   277        SH:  0    Dex: 13    Spells: 12/20 levels left

rFire   . . .      SeeInvis .   C - +2 trident (venom)
rCold   . . .      Faith    .   l - orb {mayhem}
rNeg    . . .      Spirit   .   a - +0 robe
rPois   .          Reflect  .   (helmet restricted)
rElec   .          Harm     .   n - +0 cloak
rCorr   .          Rampage  .   G - +0 pair of gloves
Will    .....                   q - +0 pair of boots
Stlth   ++........              Q - amulet of magic regeneration
HPRegen 0.19/turn               N - +6 ring of intelligence
MPRegen 0.56/turn               y - +4 ring of protection

@: hasted, very quick
A: antennae 2, hooves 2, demonic guardian 1, powered by death 1, demonic touch 2
a: Renounce Religion, Channel Magic


You were on level 8 of the Dungeon.
You worshipped Sif Muna.
Sif Muna was aware of your devotion.
You visited 1 branch of the dungeon, and saw 8 of its levels.
You also visited: Sewer.

You collected 277 gold pieces.

Inventory:

Hand Weapons
 c - a +0 short sword
 t - a +0 mace
 C - a +2 trident of venom (weapon)
 H - a +0 mace of draining
 P - a +1 war axe of electrocution
Missiles
 b - 12 curare-tipped darts
 u - 46 poisoned darts
Armour
 a - a +0 robe (worn)
 l - an orb of mayhem (worn)
 n - a +0 cloak (worn)
 q - a +0 pair of boots (worn)
 G - a +0 pair of gloves (worn)
Magical Staves
 I - a staff of poison
Jewellery
 s - a +4 ring of evasion
 y - a +4 ring of protection (right hand)
 N - a +6 ring of intelligence (left hand)
 Q - an amulet of magic regeneration (around neck)
Wands
 A - a wand of digging (4)
Scrolls
 f - 8 scrolls of magic mapping {unknown}
 h - 3 scrolls of immolation {unknown}
 k - a scroll of teleportation {unknown}
 o - a scroll of enchant armour {unknown}
 p - a scroll of summoning {unknown}
 r - a scroll of brand weapon {unknown}
 w - 7 scrolls of identify {unknown}
 z - a scroll of enchant weapon {unknown}
 B - 2 scrolls of fear {unknown}
 D - a scroll of silence {unknown}
 E - 2 scrolls of noise {unknown}
 F - a scroll of blinking {unknown}
 M - a scroll of amnesia {unknown}
 O - a scroll of torment {unknown}
Potions
 d - a potion of ambrosia {unknown}
 e - a potion of mutation {unknown}
 g - 3 potions of haste
 i - a potion of berserk rage {unknown}
 j - a potion of might {unknown}
 m - a potion of brilliance {unknown}
 v - a potion of curing {unknown}
 x - 3 potions of heal wounds {unknown}
 J - 4 potions of magic {unknown}
 K - 3 potions of cancellation {unknown}
 L - a potion of invisibility {unknown}


   Skills:
 + Level 1.5 Fighting
 - Level 0.2 Polearms
 + Level 2.7 Dodging
 - Level 1.7 Stealth
 + Level 6.3 Spellcasting
 * Level 7.5 Conjurations
 + Level 6.1 Air Magic


You had 12 spell levels left.
You knew the following spells:

 Your Spells              Type           Power      Damage    Failure   Level
a - Shock                 Conj/Air       100%       1d9       1%          1
b - Swiftness             Air            41%        N/A       1%          3
c - Airstrike             Air            20%        N/A       4%          4

Your spell library contained the following spells:

 Spells                   Type           Power      Damage    Failure   Level
 Magic Dart               Conj           100%       1d8       1%          1
 Searing Ray              Conj           98%        2d8       1%          2
 Static Discharge         Conj/Air       45%        N/A       1%          2
 Fulminant Prism          Conj/Hex       14%        3d9       14%         4


Dungeon Overview and Level Annotations

Branches:
Dungeon (8/15)             Temple (0/1) D:5           Sewer (visited)
   Lair: D:8-11

Altars:
Sif Muna

Shops:
D:1 *   D:5 *=((   D:6 :


Innate Abilities, Weirdness & Mutations

You have a pair of antennae on your head.
You have hoof-like feet.
A weak demonic guardian rushes to your aid.
You regenerate a little health from kills.
Your touch may inflict irresistible damage on your foes.


Message History

Your ufetubus hits the centaur zombie.
The centaur zombie is destroyed!
Sif Muna accepts your kill.
Things that are here:
a +0 flail; a +0 ring mail; an orc corpse You start resting.
HP restored.
Your +1 war axe of electrocution stops crackling.
Your +2 trident of venom begins to drip with poison!
C - a +2 trident of venom (weapon)
A boulder beetle comes into view.
The boulder beetle leaps!
You swap places.
What are your orders? t - Shout!
Orders for allies: a - Attack new target. r - Retreat! s - Stop attacking. g - Guard the area. f - Follow me.
Anything else - Cancel.
Gang up on whom?
Press: ? - help, Dir - move target, f - boulder beetle
Aim: a boulder beetle Attack!
Unknown command.
The boulder beetle curls into a ball and begins rolling!
Your ufetubus disappears in a puff of smoke!
There is a stone staircase leading up here.
You barely miss the boulder beetle. The boulder beetle hits you!!!
Ouch! That really hurt!
* * * LOW HITPOINT WARNING * * *
A demonic guardian appears!
The boulder beetle stops rolling and uncurls.
The boulder beetle bites you but does no damage.
Unknown command.
Unknown command.
Okay, then.
It was a potion of haste.
You feel yourself speed up.
Your quasit bites the boulder beetle but does no damage.
Your quasit claws the boulder beetle but does no damage. x2
The boulder beetle bites you!!
You die...

#°. { #°# #.# ##.##
.##c# #...# ....# #.°.#
. ...# #.°.# #.#..#
#.B.##### #.#..#
#...#.@.# ..
.....######..○#B..#..#
.............).5.....#
....)..................
....................###
....#######...#........
#... #...#........ ....
#...######... ##.#
#...# .##


You could see a boulder beetle (ally target) and a friendly quasit (summoned).

Vanquished Creatures
  A hornet (D:5)
  A steam dragon (D:6)
  A water moccasin (D:6)
  A sky beast (D:7)
  A black bear (D:7)
  2 ogres
  4 centaurs
  3 kobold brigands
  2 bullfrogs
  3 orc priests
  2 hounds
  A jelly (D:4)
  A centaur zombie (D:7)
  5 iguanas
  A scorpion zombie (D:5)
  2 orc wizards
  3 howler monkey zombies
  9 adders
  A howler monkey skeleton (D:5)
  A white imp (D:6)
  An ufetubus (D:5)
  An adder skeleton (D:4)
  4 worms
  A dart slug (D:2)
  14 orcs
  8 bats
  2 endoplasms
  4 giant cockroaches
  7 goblins
  6 hobgoblins
  4 jackals (D:1)
  25 kobolds
  5 quokkas
  11 ball pythons
  6 frilled lizards
  6 rats
150 creatures vanquished.

Vanquished Creatures (collateral kills)
  A centaur zombie (D:8)
  An orc (D:5)
  A kobold (D:6)
3 creatures vanquished.

Vanquished Creatures (others)
  A black bear (D:6)
  2 kobolds
  A fungus (Sewer)
  2 plants (Sewer)
6 creatures vanquished.

Grand Total: 159 creatures vanquished

Notes
Turn   | Place    | Note
-------+----------+-------------------------------------------
     0 | D:1      | rogsnak the Demonspawn Air Elementalist began the quest for
                  | the Orb.
     0 | D:1      | Reached XP level 1. HP: 13/13 MP: 3/3
   415 | D:1      | Found Keti's Assorted Antiques.
   512 | D:1      | Gained mutation: A weak demonic guardian rushes to your
                  | aid. [demonic ancestry]
   512 | D:1      | Reached XP level 2. HP: 19/19 MP: 1/5
  1008 | D:1      | Found a faded altar of an unknown god.
  1506 | D:2      | Discovered your monstrous ancestry.
  1506 | D:2      | Gained mutation: Your touch may inflict minor irresistible
                  | damage on your foes. [demonic ancestry]
  1506 | D:2      | Reached XP level 3. HP: 24/24 MP: 2/6
  1969 | D:2      | Reached skill level 2 in Conjurations
  2589 | D:2      | Gained mutation: Your touch may inflict irresistible damage
                  | on your foes. [demonic ancestry]
  2589 | D:2      | Reached XP level 4. HP: 30/30 MP: 4/8
  3613 | D:3      | Reached skill level 3 in Conjurations
  3613 | D:3      | Gained mutation: You have large cloven feet. [demonic
                  | ancestry]
  3613 | D:3      | Reached XP level 5. HP: 27/36 MP: 1/9
  5001 | D:4      | Reached skill level 4 in Conjurations
  5001 | D:4      | Gained mutation: You have a pair of small antennae on your
                  | head. [demonic ancestry]
  5001 | D:4      | Reached XP level 6. HP: 16/42 MP: 4/11
  5507 | D:5      | Entered Level 5 of the Dungeon
  5748 | D:5      | Found Wuhaisho's Jewellery Boutique.
  5843 | D:5      | Found Fofeux's Antique Weapon Shop.
  5854 | D:5      | Reached skill level 1 in Fighting
  5895 | D:5      | Found Wuorah's Antique Weapon Shoppe.
  5967 | D:5      | Found a shimmering blue altar of Sif Muna.
  5983 | D:5      | Became a worshipper of Sif Muna the Loreminder
  6009 | D:5      | Gained mutation: You have hoof-like feet. [demonic
                  | ancestry]
  6009 | D:5      | Reached XP level 7. HP: 42/48 MP: 2/12
  6084 | D:5      | Found Dearchax's General Store.
  6271 | D:5      | Reached skill level 5 in Conjurations
  6385 | D:5      | Found a staircase to the Ecumenical Temple.
  6959 | D:6      | Noticed a hornet
  6961 | D:6      | Noticed a steam dragon
  6967 | D:5      | Paralysed by a hornet for 1 turns
  6968 | D:5      | Killed a hornet
  6969 | D:5      | Reached skill level 6 in Conjurations
  6969 | D:5      | Gained mutation: You have a pair of antennae on your head.
                  | [demonic ancestry]
  6969 | D:5      | Reached XP level 8. HP: 26/54 MP: 2/15
  7126 | D:5      | Learned a level 3 spell: Swiftness
  7131 | D:5      | Learned a level 4 spell: Airstrike
  7176 | D:6      | Reached skill level 5 in Spellcasting
  7176 | D:6      | Reached skill level 5 in Air Magic
  7425 | D:6      | Found Exosohol's Self-Improvement Boutique.
  7491 | D:6      | Found a glowing drain.
  7502 | Sewer    | Entered a sewer
  7536 | Sewer    | Reached * piety under Sif Muna
  8348 | D:7      | Reached skill level 7 in Conjurations
  9107 | D:7      | Gained mutation: You regenerate a little health from kills.
                  | [demonic ancestry]
  9107 | D:7      | Reached XP level 9. HP: 59/59 MP: 8/18
  9766 | D:8      | Noticed a boulder beetle
  9817 | D:8      | Noticed a boulder beetle
  9832 | D:8      | Demolished by a boulder beetle

Illustrated notes

Levels and vault maps discovered:
D:1:      matt_arrival_los_fun, layout_loops_ring,
          chequers_ecumenical_altar_island, serial_shops,
          nicolae_shop_hallway_stairs, solitary_fountain, serial_bayou_pond_e
D:2:      layout_basic
D:3:      layout_loops_ring, chequers_serial_rivers_room_a, st_stairs_1
D:4:      layout_loops_corners, grunt_decor_clamped, patterned_corridor
D:5:      layout_loops_ring, nicolae_sif_muna_condensation,
          minmay_temple_entry_waves, serial_shops, shop, shop, shop_statue, shop
D:6:      layout_basic, cheibrodos_sewer_entry_bend, st_stairs_4,
          minmay_liquid_box, nicolae_shop_self_help
D:7:      layout_basic
D:8:      layout_loops_cross, lair_entry_dummy

Skill      XL: |  1  2  3  4  5  6  7  8  9 |
---------------+----------------------------+-----
Air Magic      | 3 4 5 6 |  6.1
Conjurations   | 2 3 4 6 7 |  7.5
Spellcasting   | 3 4 6 |  6.3
Dodging        | 2 |  2.7
Fighting       | 1 |  1.5
Polearms       | |  0.2
Stealth        | |  1.7

Action                   |  1- 3 |  4- 6 |  7- 9 || total
-------------------------+-------+-------+-------++-------
Melee: Unarmed           |     9 |    20 |       ||    29
       Short sword       |     9 |     1 |       ||    10
       Spear             |    16 |       |       ||    16
       Touch             |     1 |       |       ||     1
       Mace              |       |    10 |     3 ||    13
       Trident           |       |       |    40 ||    40
       War axe           |       |       |    10 ||    10
 Cast: Shock             |    74 |   116 |   135 ||   325
       Airstrike         |       |       |    12 ||    12
  Use: Potion            |       |       |     1 ||     1
 Stab: Sleeping          |       |       |     1 ||     1
Armor: Robe              |     5 |    16 |    39 ||    60
Dodge: Dodged            |    27 |    59 |    52 ||   138

Table legend: (Time is in decaauts)
 A = Elapsed time spent in this place.
 B = Non-inter-level travel time spent in this place.
 C = Inter-level travel time spent in this place.
 D = Time resting spent in this place.
 E = Time spent auto-exploring this place.
 F = Levels seen in this place.
 G = Mean time per level.
                   A        B        C        D        E       F      G
               +--------+--------+--------+--------+--------+-----+--------+
         Total |   9875 |   9691 |    184 |   1806 |   6113 |   9 | 1097.2 |
       Dungeon |   9603 |   9419 |    184 |   1745 |   6113 |   8 | 1200.4 |
         Sewer |    272 |    272 |      0 |     61 |      0 |   1 |  272.0 |
               +--------+--------+--------+--------+--------+-----+--------+

Top non-repeatable levels by time:
     D:4: 1770 daAuts
     D:2: 1488 daAuts
     D:5: 1435 daAuts
     D:7: 1418 daAuts
     D:1: 1398 daAuts
     D:3: 1060 daAuts
     D:6: 932 daAuts
   Sewer: 272 daAuts
     D:8: 97 daAuts
